[Event "Titled Tuesday Blitz November 01 Early 2022"]
[White "Stoyanov, Tsvetan"]
[Black "Jones, Gawain C B"]
[WhiteFideId "2917173"]
[BlackFideId "409561"]
[WhiteElo "2349"]
[BlackElo "2657"]
[Result "1-0"]
[Round "05"]
[TimeControl "180+1"]
[Date "2022.11.01"]
[WhiteClock "0:00:09"]
[BlackClock "0:00:04"]

1. c4 Nf6 2. Nc3 g6 3. g3 Bg7 4. Bg2 c5 5. Nf3 O-O 6. O-O Nc6 7. d4 d6 8. d5 Na5 9. Nd2 e6 10. Qc2 exd5 11. Nxd5 Nxd5 12. cxd5 b5 13. Rb1 Re8 14. e4 b4 15. b3 Ba6 16. Re1 Rc8 17. Bb2 Bd4 18. Nf3 Bxb2 19. Rxb2 c4 20. bxc4 Rxc4 21. Qb1 Nb7 22. Bf1 Nc5 23. Bxc4 Bxc4 24. Rxb4 Bd3 25. Qa1 Bxe4 26. Nd2 Bxd5 27. Rxe8+ Qxe8 28. Nf1 Nd3 29. Rb1 Ne5 30. Nd2 Ba8 31. Qc3 h5 32. Qc7 Nc6 33. Qxd6 Kh7 34. Qc7 Qe6 35. Qf4 Ne5 36. Re1 Qd5 37. Ne4 Kg7 38. Qf6+ Kg8 39. Qf4 Nd3 40. Nf6+ Kg7 41. Nxd5 Nxf4 42. Nxf4 Kf8 43. Rb1 Be4 44. Rb8+ Kg7 45. Ne2 Bd3 46. Nc3 Kf6 47. Ra8 a6 48. Ra7 Ke5 49. Rxf7 Kd4 50. Nd1 Bc4 51. Rf6 g5 52. Ne3 Bxa2 53. Rxa6 Bb1 54. Ra5 Ke4 55. Rxg5 h4 56. Rg4+ Kf3 57. Rf4+ Ke2 58. gxh4 Bg6 59. Kg2 Bh5 60. Kg3 1-0


[Site "https://www.chess.com"]

[Event "Titled Tuesday Blitz November 01 Early 2022"]
[White "Tarasova, Viktoriya"]
[Black "Lohani, Sujana"]
[WhiteFideId "4175840"]
[BlackFideId "12311987"]
[WhiteElo "2182"]
[BlackElo "1691"]
[Result "1-0"]
[Round "05"]
[TimeControl "180+1"]
[Date "2022.11.02"]
[WhiteClock "0:00:15"]
[BlackClock "0:00:02"]

1. d4 g6 2. c4 Bg7 3. e4 d6 4. Nc3 Nf6 5. h3 O-O 6. Be3 e5 7. d5 a5 8. g4 Na6 9. Be2 Nc5 10. Qc2 b6 11. O-O-O a4 12. g5 Nfd7 13. h4 a3 14. b3 f5 15. gxf6 Nxf6 16. h5 gxh5 17. Bg5 Bg4 18. f3 Bd7 19. Nh3 h6 20. Bh4 Bxh3 21. Rxh3 Qd7 22. Rg3 Kh8 23. Rdg1 Rf7 24. Rg6 Nh7 25. Qd2 Rg8 26. Nd1 Rf4 27. Qe1 Qf7 28. Ne3 Ng5 29. R6xg5 hxg5 30. Bxg5 Bf6 31. Bxf4 exf4 32. Nf5 Nd7 33. Rxg8+ Qxg8 34. Qh1 Qg5 35. Qh3 Ne5 36. Nd4 1-0


[Site "https://www.chess.com"]

[Event "Titled Tuesday Blitz November 01 Early 2022"]
[White "Terry, Renato"]
[Black "Bryakin, Mikhail"]
[WhiteFideId "3803457"]
[BlackFideId "4165314"]
[WhiteElo "2577"]
[BlackElo "2367"]
[Result "1-0"]
[Round "05"]
[TimeControl "180+1"]
[Date "2022.11.01"]
[WhiteClock "0:00:20"]
[BlackClock "0:00:18"]

1. d4 f5 2. Bg5 d5 3. e3 c6 4. c4 Nf6 5. Bxf6 exf6 6. Nc3 Bb4 7. Qb3 Ba5 8. Nh3 dxc4 9. Bxc4 Qb6 10. Qc2 g6 11. Nf4 Qb4 12. Bb3 Bc7 13. g3 Na6 14. O-O-O Bd7 15. Ne6 Bxe6 16. Bxe6 Qe7 17. Qb3 Qb4 18. Qc2 Qe7 19. Bc4 Nb4 20. Qb3 O-O-O 21. a3 Nd5 22. Nxd5 cxd5 23. Bxd5 Bd6 24. Kb1 Kb8 25. Rc1 Rc8 26. Be6 Rxc1+ 27. Rxc1 Re8 28. d5 Rd8 29. Rc4 a6 30. Qb6 Bc7 31. Qb3 Ba5 32. Qc2 Qd6 33. Ka2 Ka7 34. Qb3 Bb6 35. Qc3 Qe5 36. Qc2 Qd6 37. h4 h5 38. Bf7 g5 39. Qxf5 gxh4 40. gxh4 Qe5 41. Qxe5 fxe5 42. Rc2 Rd7 43. Be6 Rd6 44. Rc4 Bd8 45. Re4 Bf6 46. b4 Kb6 47. Kb3 a5 48. Bf7 Rd7 49. Be6 Rd8 50. f4 exf4 51. Rxf4 Be7 52. e4 axb4 53. axb4 Rf8 54. Bf7 Bd6 55. Rf5 Kc7 56. Kc4 b5+ 57. Kd4 Bxb4 58. e5 Ba3 59. d6+ Kd8 60. Kd5 Rh8 61. e6 1-0


[Site "https://www.chess.com"]

[Event "Titled Tuesday Blitz November 01 Early 2022"]
[White "Terzi, Alexei"]
[Black "Viana Da Costa, Fernando"]
[WhiteFideId "13505076"]
[BlackFideId "2111900"]
[WhiteElo "2172"]
[BlackElo "2277"]
[Result "1-0"]
[Round "05"]
[TimeControl "180+1"]
[Date "2022.11.02"]
[WhiteClock "0:01:14"]
[BlackClock "0:00:03"]

1. e4 c5 2. Nc3 Nc6 3. Bb5 Nd4 4. Bd3 e6 5. Nf3 Nc6 6. O-O a6 7. b3 d6 8. Bb2 Nf6 9. a3 Be7 10. Ne2 e5 11. Ng3 O-O 12. h3 Re8 13. c4 Bf8 14. Bc3 a5 15. Ne1 g6 16. Nc2 Bg7 17. Rb1 Be6 18. Ne3 Nd7 19. Nd5 b6 20. Re1 h6 21. Nf1 Bxd5 22. exd5 Nd4 23. Bxd4 cxd4 24. b4 axb4 25. axb4 Qc7 26. g4 Ra3 27. Rb3 Rea8 28. Ng3 Nf6 29. Kg2 Ra2 30. h4 Qd8 31. h5 gxh5 32. gxh5 Nh7 33. Bxh7+ Kxh7 34. Rf3 R8a7 35. Rxf7 Rxf7 36. Qb1+ Kg8 37. Qxa2 Qf6 38. d3 Qf3+ 39. Kg1 Qxd3 40. Qe2 Qxe2 41. Rxe2 Bf8 42. Ne4 Rf3 43. Kg2 Rb3 44. b5 Rb4 45. Rc2 d3 46. Rc3 1-0


[Site "https://www.chess.com"]

[Event "Titled Tuesday Blitz November 01 Early 2022"]
[White "Timofeev, Artyom"]
[Black "Lewtak, Damian"]
[WhiteFideId "4140419"]
[BlackFideId "1141724"]
[WhiteElo "2579"]
[BlackElo "2329"]
[Result "1/2-1/2"]
[Round "05"]
[TimeControl "180+1"]
[Date "2022.11.02"]
[WhiteClock "0:00:23"]
[BlackClock "0:00:11"]

1. d4 f5 2. Nf3 c6 3. g3 d6 4. Bg2 g6 5. O-O Bg7 6. Nc3 e5 7. e4 fxe4 8. Nxe4 d5 9. Nc5 e4 10. Ne5 Qe7 11. Be3 Nf6 12. f3 exf3 13. Qxf3 O-O 14. Bg5 Qd6 15. Qe3 Na6 16. Ncd3 Bf5 17. Bh6 Bxd3 18. Bxg7 Bxf1 19. Bxf8 Rxf8 20. Rxf1 Nc7 21. c3 Kg7 22. h4 Qe7 23. Re1 Nd7 24. Bh3 Nxe5 25. Qxe5+ Qxe5 26. Rxe5 Rf7 27. Kg2 Kf6 28. g4 Re7 29. g5+ Kf7 30. Rxe7+ Kxe7 31. Bc8 b6 32. Kf3 Ne6 33. b4 Ng7 34. a4 a5 35. bxa5 bxa5 36. Ke3 Kd6 37. Kd3 Ne6 38. Ke3 Ng7 39. Bg4 Ne8 40. Be2 Ng7 41. Bd3 Ke6 42. Kf4 Nh5+ 43. Kg4 Ng7 44. Bc2 Nh5 45. Bd3 Kd6 46. Kf3 c5 47. Ke3 c4 48. Bc2 Ke6 49. Bd1 Ng7 50. Bg4+ Kd6 51. Kf3 Ke7 52. Kf4 Kd6 53. Bc8 Ne6+ 54. Kg4 Nd8 55. h5 Ne6 56. h6 Nf8 57. Ba6 Nd7 58. Bb5 Nf8 59. Be8 Ke7 60. Bb5 Kd6 61. Kf4 Ne6+ 62. Kg4 Nf8 1/2-1/2


[Site "https://www.chess.com"]

[Event "Titled Tuesday Blitz November 01 Early 2022"]
[White "Toelly, Michael"]
[Black "Yeletsky, Ivan"]
[WhiteFideId "1625330"]
[BlackFideId "24180327"]
[WhiteElo "2090"]
[BlackElo "2391"]
[Result "0-1"]
[Round "05"]
[TimeControl "180+1"]
[Date "2022.11.02"]
[WhiteClock "0:02:08"]
[BlackClock "0:02:32"]

1. e4 Nf6 2. e5 Nd5 3. c4 Nb6 4. d4 d6 5. f4 dxe5 6. fxe5 Bf5 7. Nf3 e6 8. Nc3 Nc6 9. Be3 Bb4 10. Bd3 Bg4 11. a3 Bxf3 12. Qxf3 Bxc3+ 13. bxc3 Nxe5 14. dxe5 Qxd3 15. Bc5 Qxf3 16. gxf3 Nxc4 17. O-O-O b6 18. Be3 Nxe3 0-1


[Site "https://www.chess.com"]

[Event "Titled Tuesday Blitz November 01 Early 2022"]
[White "Toshali, V"]
[Black "Winkels, Marcel"]
[WhiteFideId "5072611"]
[BlackFideId "1003887"]
[WhiteElo "1973"]
[BlackElo "1900"]
[Result "1/2-1/2"]
[Round "05"]
[TimeControl "180+1"]
[Date "2022.11.02"]
[WhiteClock "0:01:21"]
[BlackClock "0:00:21"]

1. d4 Nf6 2. Nf3 g6 3. Bg5 Bg7 4. Nbd2 O-O 5. e3 d5 6. Be2 c5 7. c3 cxd4 8. exd4 Nc6 9. O-O Bf5 10. Nh4 Be6 11. f4 h6 12. Bxf6 Bxf6 13. f5 Bxh4 14. fxe6 f5 15. Nf3 Bf6 16. Qd2 Kg7 17. Bb5 Rc8 18. Qf4 a6 19. Bxc6 Rxc6 20. Rae1 Qb6 21. Ne5 Rxe6 22. Nd7 Qd6 23. Qxd6 Rxd6 24. Nxf8 Kxf8 25. Re2 b5 26. Rfe1 Rc6 27. Re6 Rc4 28. Rxa6 b4 29. cxb4 Rxb4 30. b3 Rxd4 31. a4 Rd2 32. a5 d4 33. Ra8+ Kf7 34. a6 d3 35. a7 Bd4+ 36. Kh1 Ra2 37. Rd1 Bxa7 38. g3 d2 39. Kg2 e5 40. Kf3 g5 41. Ke2 f4 42. gxf4 gxf4 43. Rxd2 Rxd2+ 44. Kxd2 Bd4 45. Ke2 e4 46. Ra4 f3+ 47. Kf1 Be5 48. Rxe4 Bxh2 49. Rh4 Bc7 50. Rxh6 Ke7 51. b4 Bg3 52. b5 Kd7 53. Rh3 Bd6 54. Rxf3 Kc7 55. Rc3+ Kb7 56. Rc6 Be5 57. Ke2 Bd4 58. Kd3 Bb6 59. Kc4 Bd8 60. Kc5 Be7+ 61. Kd5 Bd8 62. Kd6 Bb6 63. Kd7 Ba5 64. Kd6 Bb6 65. Rc2 Ba5 66. Ra2 Kb6 67. Rb2 Bc3 68. Kd5 Bxb2 69. Kc4 Ba3 70. Kb3 Kxb5 1/2-1/2


[Site "https://www.chess.com"]

[Event "Titled Tuesday Blitz November 01 Early 2022"]
[White "Unat, Can Haktan"]
[Black "Guerrero Olmos, Sergio"]
[WhiteFideId "6398073"]
[BlackFideId "2257238"]
[WhiteElo "2146"]
[BlackElo "2272"]
[Result "1-0"]
[Round "05"]
[TimeControl "180+1"]
[Date "2022.11.02"]
[WhiteClock "0:01:26"]
[BlackClock "0:02:06"]

1. d4 e6 2. c4 a6 3. Nc3 b5 4. cxb5 axb5 5. Nxb5 Nf6 6. Nf3 Bb7 7. Bf4 d6 8. Rc1 Nd5 9. Bg5 f6 10. Bd2 c6 11. Na3 Be7 12. e4 Nc7 13. Be2 O-O 14. O-O Nd7 15. Qb3 Rb8 16. Qe3 d5 17. exd5 exd5 18. Ba5 Bd6 19. Nh4 Re8 20. Qd2 Re4 21. Nf5 Bf4 22. Qd3 Bxc1 23. Rxc1 Nf8 24. Qg3 Nce6 25. Bxd8 Rxd8 26. Nh6+ 1-0


[Site "https://www.chess.com"]

[Event "Titled Tuesday Blitz November 01 Early 2022"]
[White "Vakhania, Alexandra"]
[Black "Salman, Pavel"]
[WhiteFideId "13602560"]
[BlackFideId "24153753"]
[WhiteElo "2053"]
[BlackElo "2187"]
[Result "1-0"]
[Round "05"]
[TimeControl "180+1"]
[Date "2022.11.02"]
[WhiteClock "0:00:07"]
[BlackClock "0:00:18"]

1. d4 Nf6 2. Nf3 c5 3. c3 g6 4. Bg5 Bg7 5. e3 d5 6. Bd3 c4 7. Bc2 Bf5 8. Nbd2 Qb6 9. Bxf5 gxf5 10. Qc2 Ne4 11. Bf4 Nd7 12. O-O Rc8 13. Nh4 e6 14. f3 Nxd2 15. Qxd2 Bf6 16. Bg3 Nf8 17. e4 Qd8 18. Qf2 f4 19. Bxf4 Bxh4 20. g3 Bg5 21. Bxg5 Qxg5 22. f4 Qd8 23. f5 Rc7 24. fxe6 Nxe6 25. exd5 Qxd5 26. Qf6 Rg8 27. Rae1 Qg5 28. Qf3 Qg4 29. d5 Qxf3 30. Rxf3 Rg6 31. dxe6 Rxe6 32. Rfe3 Ke7 33. Kf2 Rd7 34. Rxe6+ fxe6 35. Re2 Rd3 36. Re3 Rd2+ 37. Re2 Rd1 38. h4 Kf6 39. Kf3 b5 40. g4 e5 41. Rf2 Ke6 42. Ke4 Re1+ 43. Kf3 a5 44. Re2 Rf1+ 45. Kg3 Rd1 46. h5 Kd5 47. g5 e4 48. Kf4 Rf1+ 49. Kg4 Rg1+ 50. Kf5 Rf1+ 51. Kg4 b4 52. g6 hxg6 53. hxg6 Rg1+ 54. Kf5 b3 55. a3 a4 56. Rxe4 Kc5 57. Rg4 Rf1+ 58. Kg5 Rf8 59. g7 Rd8 60. Kf6 Rd6+ 61. Ke7 Rd2 62. g8=Q Re2+ 63. Kd7 Rd2+ 64. Kc7 Rd5 65. Qf8+ Kb5 66. Qe8+ Ka5 67. Qa8+ Kb5 68. Qxd5+ Ka6 69. Rg6+ Ka7 70. Qa5# 1-0


[Site "https://www.chess.com"]

[Event "Titled Tuesday Blitz November 01 Early 2022"]
[White "Vasques, Antonio Pedro Freixial"]
[Black "Troltenier, Dirk"]
[WhiteFideId "1908332"]
[BlackFideId "4606400"]
[WhiteElo "2243"]
[BlackElo "2329"]
[Result "1-0"]
[Round "05"]
[TimeControl "180+1"]
[Date "2022.11.02"]
[WhiteClock "0:00:15"]
[BlackClock "0:00:03"]

1. e4 e5 2. Nf3 d6 3. Bc4 Be7 4. d4 exd4 5. Nxd4 Nf6 6. Nc3 O-O 7. O-O Re8 8. Re1 Nbd7 9. Nf5 Bf8 10. Bg5 Ne5 11. Bb3 Bxf5 12. exf5 c6 13. Ne4 Ned7 14. Nxf6+ Nxf6 15. Rxe8 Qxe8 16. Bxf6 gxf6 17. Qg4+ Bg7 18. Qb4 Qd7 19. c4 Re8 20. Rd1 Qxf5 21. Qxb7 Qc5 22. Qd7 Re2 23. Qd8+ Bf8 24. Qxf6 Be7 25. Qf3 Rxb2 26. g3 Qe5 27. Kg2 Bd8 28. Qxc6 Bb6 29. c5 Bxc5 30. Rf1 Qd4 31. Qe8+ Kg7 32. Qxf7+ Kh6 33. h4 Qe4+ 34. Qf3 Qxf3+ 35. Kxf3 a5 36. g4 a4 37. Be6 a3 38. g5+ Kg7 39. Kg3 h6 40. f4 Re2 41. Bd5 Rd2 42. Be6 Rd3+ 43. Kg4 Be3 44. f5 hxg5 45. hxg5 Rd4+ 46. Kh5 Rd2 47. f6+ Kf8 48. Kg6 Rg2 49. Rf5 Bc1 50. Rb5 1-0


[Site "https://www.chess.com"]

[Event "Titled Tuesday Blitz November 01 Early 2022"]
[White "Vifleemskaia, Svetlana"]
[Black "Darini, Pouria"]
[WhiteFideId "4129490"]
[BlackFideId "12502200"]
[WhiteElo "1929"]
[BlackElo "2483"]
[Result "0-1"]
[Round "05"]
[TimeControl "180+1"]
[Date "2022.11.02"]
[WhiteClock "0:00:03"]
[BlackClock "0:00:17"]

1. d4 Nf6 2. c4 e6 3. Nc3 Bb4 4. e3 O-O 5. Ne2 d5 6. a3 Be7 7. cxd5 exd5 8. g3 Nbd7 9. Bg2 Nb6 10. O-O c6 11. a4 a5 12. b3 Re8 13. Ba3 Bf5 14. Nf4 Bxa3 15. Rxa3 Nc8 16. Nd3 Nd6 17. Nc5 Qe7 18. Ra2 h5 19. h3 Bg6 20. Nd3 Nfe4 21. Nxe4 Bxe4 22. Bxe4 Qxe4 23. Nc5 Qf5 24. Kg2 g6 25. Qf3 Qxf3+ 26. Kxf3 Kg7 27. h4 Re7 28. Nd3 Ne4 29. Rc1 Ra6 30. Nc5 Rb6 31. Rb2 Nd6 32. Nd3 Ne4 33. Nc5 Kf8 34. Nxe4 Rxe4 35. Rc5 Ra6 36. b4 axb4 37. Rxb4 Re7 38. Rc3 Ke8 39. Rcb3 Ra7 40. Ke2 Kd8 41. Kd3 Kc7 42. Kc3 Re8 43. Kc2 Rea8 44. Kc3 Rb8 45. Kc2 b6 46. Kc3 Ra6 47. Kc2 Rb7 48. Kc3 Rba7 49. Kc2 Ra8 50. Kc3 Re8 51. Kd3 Rd8 52. Kc3 f6 53. Kd3 g5 54. hxg5 fxg5 55. Rb1 Rf8 56. R1b2 Rfa8 0-1


[Site "https://www.chess.com"]

[Event "Titled Tuesday Blitz November 01 Early 2022"]
[White "Vlassov, Nikolai"]
[Black "Storey, Charles H"]
[WhiteFideId "4103360"]
[BlackFideId "406686"]
[WhiteElo "2324"]
[BlackElo "2252"]
[Result "1-0"]
[Round "05"]
[TimeControl "180+1"]
[Date "2022.11.02"]
[WhiteClock "0:00:14"]
[BlackClock "0:00:06"]

1. e4 d5 2. exd5 Qxd5 3. Nc3 Qd8 4. Nf3 g6 5. Bc4 Bg7 6. h4 Nf6 7. h5 Nxh5 8. Rxh5 gxh5 9. Ng5 e6 10. Qxh5 Qf6 11. d4 Qg6 12. Qh2 h6 13. Qxc7 O-O 14. Nf3 Nc6 15. Be3 Qxc2 16. Rc1 Qxb2 17. Qg3 Kh8 18. Qh4 Ne7 19. Bxh6 Nf5 20. Bxg7+ Kxg7 21. Qg5+ Kh7 22. Ne4 f6 23. Qh5+ Kg7 24. Qg4+ Kh7 25. Qf4 Bd7 26. Bd3 Bb5 27. Rc7+ Rf7 28. Rxf7+ Kg8 29. Bxb5 Qxb5 30. Rxf6 Qb1+ 31. Ke2 Qxa2+ 32. Nfd2 Qa6+ 33. Kf3 Nxd4+ 34. Kg4 Nf5 35. Qg5+ Kh8 36. Rh6+ Nxh6+ 37. Qxh6+ Kg8 38. Qg6+ Kh8 39. Nf6 Qa5 40. Qh7# 1-0


[Site "https://www.chess.com"]

[Event "Titled Tuesday Blitz November 01 Early 2022"]
[White "Volkov, Maksim"]
[Black "Pham, Khoi"]
[WhiteFideId "54123070"]
[BlackFideId "1054988"]
[WhiteElo "2257"]
[BlackElo "2469"]
[Result "0-1"]
[Round "05"]
[TimeControl "180+1"]
[Date "2022.11.02"]
[WhiteClock "0:00:15"]
[BlackClock "0:00:30"]

1. d4 f5 2. c4 Nf6 3. Nf3 g6 4. b4 Bg7 5. e3 O-O 6. Bb2 c6 7. Nc3 d5 8. Be2 h6 9. b5 Be6 10. Ne5 Qe8 11. bxc6 Nxc6 12. cxd5 Nxd5 13. Bc4 Nxe5 14. dxe5 Nc7 15. Bxe6+ Nxe6 16. O-O Kh7 17. Rc1 Rd8 18. Qb3 Nc5 19. Qa3 Nd3 20. Rb1 Bxe5 21. Ba1 a6 22. Rxb7 Bd6 23. Qxa6 Nc5 24. Qb5 Nxb7 25. Qxb7 Qd7 26. Qf3 Rc8 27. Rd1 Qc6 28. Nd5 Qc2 29. h4 Rc4 30. h5 g5 31. Bd4 g4 32. Nb4 Bxb4 33. Qb7 Qxd1+ 34. Kh2 Bd6+ 35. g3 Rc1 36. Qg2 Qf3 37. Qxf3 gxf3 38. a4 Rb8 39. Bb2 Rxb2 40. a5 Rxf2+ 0-1


[Site "https://www.chess.com"]

[Event "Titled Tuesday Blitz November 01 Early 2022"]
[White "Vovk, Orest"]
[Black "Ginzburg, Yakov"]
[WhiteFideId "14113490"]
[BlackFideId "4157176"]
[WhiteElo "2215"]
[BlackElo "2305"]
[Result "1-0"]
[Round "05"]
[TimeControl "180+1"]
[Date "2022.11.02"]
[WhiteClock "0:00:06"]
[BlackClock "0:00:01"]

1. h4 e5 2. h5 h6 3. d4 e4 4. d5 Bc5 5. Bf4 Qf6 6. e3 Qxb2 7. Nd2 Nf6 8. Bc4 d6 9. Ne2 Bb4 10. O-O Nxh5 11. Rb1 Qa3 12. Rb3 Qa5 13. c3 Bc5 14. Rb5 Qa3 15. Nb1 Qa6 16. Rxc5 Qb6 17. Rb5 Qa6 18. Bh2 Nf6 19. Nd4 Bd7 20. Rb4 b5 21. Nxb5 O-O 22. Nxc7 Qc8 23. Nxa8 Bg4 24. Qd4 Nbd7 25. Qxa7 Ne5 26. Bxe5 dxe5 27. Nc7 Bf3 28. Ne6 fxe6 29. dxe6 Kh7 30. Qb8 Qc5 31. Qb6 Qe7 32. Nd2 Ng4 33. Nxf3 Rxf3 34. Qc6 Qh4 35. Qxe4+ Kg8 36. Rb8+ Rf8 37. e7+ Kh8 38. Rxf8# 1-0


[Site "https://www.chess.com"]

[Event "Titled Tuesday Blitz November 01 Early 2022"]
[White "Vusatiuk, Vladimir"]
[Black "De Souza, Cristiano Gomes"]
[WhiteFideId "14118610"]
[BlackFideId "2151758"]
[WhiteElo "2208"]
[BlackElo "2068"]
[Result "0-1"]
[Round "05"]
[TimeControl "180+1"]
[Date "2022.11.02"]
[WhiteClock "0:00:11"]
[BlackClock "0:00:17"]

1. Nf3 Nf6 2. g3 g6 3. c4 Bg7 4. Bg2 O-O 5. O-O d6 6. d4 Nc6 7. Nc3 Bf5 8. Nh4 Bd7 9. e4 e5 10. d5 Na5 11. Qd3 b6 12. b4 Nb7 13. Bd2 a5 14. a3 h6 15. h3 Kh7 16. f4 exf4 17. Bxf4 Nh5 18. Nf3 Nxf4 19. gxf4 Qf6 20. e5 Qxf4 21. Rae1 Bf5 22. Qe2 axb4 23. axb4 Rfe8 24. h4 dxe5 25. Ng5+ hxg5 26. Rxf4 exf4 27. Qd2 Rxe1+ 28. Qxe1 Nd6 29. c5 bxc5 30. bxc5 Nc4 31. hxg5 Ne3 32. Qh4+ Kg8 33. Ne2 Nxg2 34. Kxg2 Ra2 35. Kf3 Be5 36. Nxf4 Ra3+ 37. Kf2 Ra4 38. Nxg6 Rxh4 39. Nxh4 Be4 40. d6 cxd6 41. cxd6 Bxd6 42. Ke3 Bd5 43. Nf5 Bc5+ 44. Kf4 Be6 45. Nh4 Kg7 46. Nf3 Kg6 47. Ne5+ Kh5 48. g6 fxg6 49. Nf3 Bd6+ 50. Ke4 Kg4 51. Nd4 Bf5+ 52. Kd5 Bg3 53. Ne2 g5 54. Kd4 Kf3 55. Ng1+ Kg2 56. Ne2 Bf4 57. Nxf4+ gxf4 58. Ke5 f3 59. Kxf5 f2 60. Kg6 f1=Q 61. Kh7 Qf6 62. Kg8 Kh3 63. Kh7 Kg4 64. Kg8 Qe7 65. Kh8 Kh5 66. Kg8 Kg6 67. Kh8 Qe8# 0-1


[Site "https://www.chess.com"]

[Event "Titled Tuesday Blitz November 01 Early 2022"]
[White "Wessendorf, Thomas, Dr."]
[Black "Shubenkova, Veronika"]
[WhiteFideId "4604270"]
[BlackFideId "44124040"]
[WhiteElo "2280"]
[BlackElo "2027"]
[Result "0-1"]
[Round "05"]
[TimeControl "180+1"]
[Date "2022.11.02"]
[WhiteClock "0:00:08"]
[BlackClock "0:00:45"]

1. e4 c6 2. d4 d5 3. Nd2 dxe4 4. Nxe4 Bf5 5. Ng3 Bg6 6. h4 h6 7. Nf3 Nd7 8. h5 Bh7 9. Bd3 Bxd3 10. Qxd3 Ngf6 11. Bd2 e6 12. O-O-O Bd6 13. Ne4 Nxe4 14. Qxe4 Nf6 15. Qe2 Qc7 16. Kb1 O-O-O 17. c4 Bf4 18. Bc3 c5 19. g3 Bd6 20. Ne5 Bxe5 21. dxe5 Nd7 22. Rd6 Nb6 23. Rhd1 Rxd6 24. exd6 Qc6 25. Bxg7 Rd8 26. Be5 Qa4 27. b3 Qc6 28. f4 Nd7 29. g4 Rg8 30. Bc3 f5 31. Qxe6 Rf8 32. g5 hxg5 33. fxg5 Qf3 34. Re1 b6 35. g6 Qxc3 36. h6 Qd3+ 37. Kb2 Qd2+ 38. Kb1 Qxh6 39. Rg1 Qh2 40. Qe3 Qe5 41. Qxe5 Nxe5 42. g7 Rg8 43. Rg5 Nd7 44. Kc2 Kb7 45. Kd3 Kc6 46. Ke3 Kxd6 47. Kf4 Ke6 48. Rg6+ Kf7 49. Rd6 Nf6 50. Kxf5 Nh5 51. Rd7+ Ke8 52. Rxa7 Nxg7+ 53. Ke5 Kf8 54. Ra8+ Ne8 55. Kd5 Rg6 56. a4 Ke7 57. a5 Nc7+ 58. Ke5 Nxa8 59. a6 Kd7 60. Kd5 Kc7 0-1


[Site "https://www.chess.com"]

[Event "Titled Tuesday Blitz November 01 Early 2022"]
[White "Winterberg, Lukas"]
[Black "Sokolovsky, Yahli"]
[WhiteFideId "24622702"]
[BlackFideId "2820242"]
[WhiteElo "2349"]
[BlackElo "2316"]
[Result "0-1"]
[Round "05"]
[TimeControl "180+1"]
[Date "2022.11.02"]
[WhiteClock "0:00:07"]
[BlackClock "0:00:47"]

1. c4 d6 2. d4 e5 3. dxe5 dxe5 4. Qxd8+ Kxd8 5. g3 Be6 6. Nd2 c6 7. Bh3 f5 8. e4 g6 9. Ngf3 Nd7 10. Ng5 Ke7 11. Nxe6 Kxe6 12. O-O Bh6 13. Nf3 Bxc1 14. Raxc1 Ne7 15. Rcd1 Rad8 16. Rfe1 c5 17. b3 h6 18. Rd2 Nc6 19. Nh4 Nd4 20. f4 Kf6 21. exf5 gxf5 22. fxe5+ Nxe5 23. Rf2 Nd3 24. Ref1 Nxf2 25. Rxf2 Rhe8 26. Nxf5 Nxf5 27. Rxf5+ Kg7 28. Rxc5 Re2 29. Bf1 Rd1 30. Rf5 Rxa2 31. c5 Rb2 32. Rf3 Rc1 33. Rf5 Rxb3 34. c6 bxc6 0-1


[Site "https://www.chess.com"]

[Event "Titled Tuesday Blitz November 01 Early 2022"]
[White "Xiong, Jeffery"]
[Black "Weetik, Vjacheslav"]
[WhiteFideId "2047640"]
[BlackFideId "4153472"]
[WhiteElo "2725"]
[BlackElo "2469"]
[Result "1-0"]
[Round "05"]
[TimeControl "180+1"]
[Date "2022.11.01"]
[WhiteClock "0:01:32"]
[BlackClock "0:00:02"]

1. e4 e5 2. Nf3 Nc6 3. Nc3 Nf6 4. Nxe5 Nxe5 5. d4 Nc6 6. e5 Bb4 7. exf6 Qxf6 8. Be3 d5 9. Qd2 O-O 10. a3 Bxc3 11. Qxc3 Bf5 12. Be2 Qg6 13. O-O-O Rfe8 14. g4 Be4 15. Rhg1 Qd6 16. h4 Re7 17. h5 Rae8 18. h6 gxh6 19. Qd2 Qg6 20. Rg3 Re6 21. Rh3 Qg7 22. Bxh6 Rxh6 23. Qxh6 Bxc2 24. Rd2 Qxh6 25. Rxh6 Nxd4 26. Rxd4 Rxe2 27. Rxd5 Rxf2 28. Rd7 Bg6 29. Rxc7 a5 30. Rxb7 a4 31. Rb4 Bc2 32. Rh3 Bg6 33. Rc3 Rf1+ 34. Kd2 Rf2+ 35. Ke3 Rg2 36. Kf3 Rg1 37. Rxa4 Rb1 38. b4 Kg7 39. Ra5 Rb2 40. Rac5 h6 41. b5 Ra2 42. Rb3 Rc2 43. Rxc2 Bxc2 44. Rb4 1-0


[Site "https://www.chess.com"]

[Event "Titled Tuesday Blitz November 01 Early 2022"]
[White "Yurasova, Daria"]
[Black "Arbunic Castro, Giovanna"]
[WhiteFideId "34146919"]
[BlackFideId "3400549"]
[WhiteElo "2044"]
[BlackElo "1841"]
[Result "1-0"]
[Round "05"]
[TimeControl "180+1"]
[Date "2022.11.02"]
[WhiteClock "0:00:13"]
[BlackClock "0:00:02"]

1. d4 Nf6 2. Bg5 g6 3. Bxf6 exf6 4. e3 Bg7 5. g3 O-O 6. Bg2 d5 7. Ne2 Re8 8. O-O Bf5 9. Nd2 Qd7 10. c4 c6 11. cxd5 cxd5 12. Qb3 Be4 13. Nc3 Bxg2 14. Kxg2 Rd8 15. Nf3 Nc6 16. Ne1 Rac8 17. Nd3 Na5 18. Qc2 f5 19. Qe2 Nc4 20. Rac1 Re8 21. b3 Nd6 22. Nxd5 Ne4 23. N5f4 b6 24. h4 Qb7 25. Kg1 g5 26. Ng2 gxh4 27. Nxh4 Bf6 28. Ng2 Kh8 29. Qf3 Qd7 30. Rxc8 Rxc8 31. Rc1 Nd2 32. Qd1 Ne4 33. Rxc8+ Qxc8 34. Qc1 Qb7 35. Ndf4 Be7 36. Qc4 1-0


[Site "https://www.chess.com"]

[Event "Titled Tuesday Blitz November 01 Early 2022"]
[White "Zakhartsov, Vladimir"]
[Black "Sourath Biswas"]
[WhiteFideId "4145097"]
[BlackFideId "35091484"]
[WhiteElo "2492"]
[BlackElo "2164"]
[Result "1-0"]
[Round "05"]
[TimeControl "180+1"]
[Date "2022.11.02"]
[WhiteClock "0:00:11"]
[BlackClock "0:00:03"]

1. e4 c5 2. Nf3 d6 3. c3 Nf6 4. h3 Nc6 5. Bd3 e5 6. Bc2 g6 7. O-O Bg7 8. d4 exd4 9. cxd4 cxd4 10. Nxd4 O-O 11. Nxc6 bxc6 12. Nc3 d5 13. Bg5 Qb6 14. Na4 Qc7 15. exd5 Nxd5 16. Rc1 h6 17. Bh4 Be6 18. Bb3 Rac8 19. Nc5 Bf5 20. Qd2 Qb6 21. Rfd1 Nf6 22. Qf4 Nh5 23. Qf3 Bxb2 24. Na4 Qb4 25. Rc4 Qa3 26. g4 Be6 27. Rc2 Bxb3 28. axb3 Bf6 29. Bxf6 Nxf6 30. Nc5 Nd5 31. Rc4 Qb2 32. Ne4 Rfe8 33. Nd6 Rcd8 34. Qxf7+ 1-0


[Site "https://www.chess.com"]

[Event "Titled Tuesday Blitz November 01 Early 2022"]
[White "Zhigalko, Sergei"]
[Black "Goryachkina, Aleksandra"]
[WhiteFideId "13502956"]
[BlackFideId "4147103"]
[WhiteElo "2662"]
[BlackElo "2484"]
[Result "1-0"]
[Round "05"]
[TimeControl "180+1"]
[Date "2022.11.01"]
[WhiteClock "0:00:12"]
[BlackClock "0:00:02"]

1. e4 e6 2. d4 d5 3. e5 c5 4. c3 Nc6 5. Nf3 Nge7 6. Na3 a6 7. Nc2 Bd7 8. h4 h6 9. h5 Nc8 10. dxc5 Bxc5 11. Bd3 N8e7 12. O-O Rc8 13. Re1 Qb6 14. Qe2 Qa7 15. b4 Bb6 16. a4 Nf5 17. Bxf5 exf5 18. a5 Bc7 19. Be3 Qb8 20. Bc5 Be6 21. Ncd4 Bd8 22. Nxc6 Rxc6 23. Nd4 Rc8 24. Qf3 Be7 25. Bxe7 Kxe7 26. Nxf5+ Bxf5 27. Qxf5 Rc6 28. Rad1 Rd8 29. Re3 Re6 30. Rd4 Qc7 31. Rf4 Ke8 32. Qh7 Qe7 33. Qxg7 Rc8 34. Ref3 Rc7 35. Re3 Qf8 36. Qg4 Qe7 37. Rf5 Kd7 38. Qf4 Kc8 39. g3 Kb8 40. Kg2 Rd7 41. Rf3 Qd8 42. Rxf7 Rxf7 43. Qxf7 Rxe5 44. Qf4 Qc7 45. Re3 Re7 46. Rxe7 1-0


[Site "https://www.chess.com"]

[Event "Titled Tuesday Blitz November 01 Early 2022"]
[White "Zhu, Jiner"]
[Black "Garayev, Kanan"]
[WhiteFideId "8608059"]
[BlackFideId "13406671"]
[WhiteElo "2384"]
[BlackElo "2244"]
[Result "0-1"]
[Round "05"]
[TimeControl "180+1"]
[Date "2022.11.02"]
[WhiteClock "0:00:43"]
[BlackClock "0:01:10"]

1. c4 Nf6 2. Nc3 e5 3. Nf3 e4 4. Nd4 c6 5. d3 exd3 6. Qxd3 d5 7. cxd5 cxd5 8. g3 Nc6 9. Bg2 Be7 10. O-O O-O 11. Nxc6 bxc6 12. Bf4 a5 13. b3 Ba6 14. Qc2 Re8 15. Rfd1 Bb4 16. e4 d4 17. Na4 d3 18. Qxc6 Re6 19. Qc1 Rc8 20. Qb2 Nxe4 21. Rac1 Rxc1 22. Qxc1 d2 23. Qb2 Be2 24. Qc2 Bxd1 25. Qxd1 Nc3 26. Qxd2 Ne2+ 0-1


[Site "https://www.chess.com"]